 Dungeon Crawl Stone Soup version 0.31-a0-187-gba352fbbf7 (webtiles) character file.

Game seed: 4434738107804996829

250 qw the Skirmisher (level 5, -4/30 HPs)
             Began as a Deep Elf Hunter on June 22, 2023.
             Slain by an orc
             ... wielding a +0 trident
              (8 damage)
             ... on level 4 of the Dungeon.
             The game lasted 00:00:50 (2342 turns).

qw the Skirmisher (Deep Elf Hunter)                 Turns: 2342, Time: 00:00:50

Health: -4/30      AC:  5    Str: 10    XL:     5   Next: 88%
Magic:  7/7        EV: 11    Int: 14    God:
Gold:   112        SH:  0    Dex: 18    Spells: 4/4 levels left

rFire   . . .        Y - +5 orcbow (flame)
rCold   . . .        (shield currently unavailable)
rNeg    . . .        h - +0 ring mail
rPois   .            (no helmet)
rElec   .            (no cloak)
rCorr   .            (no gloves)
SInv    .            (no boots)
Will    .....        (no amulet)
Stlth   +            (no ring)
HPRegen 0.25/turn    (no ring)
MPRegen 0.10/turn

%: no passive effects
@: no status effects
A: no striking features
a: no special abilities


You were on level 4 of the Dungeon.
You visited 1 branch of the dungeon, and saw 4 of its levels.

You collected 112 gold pieces.


   Skills:
 - Level 2.1 Fighting
 + Level 9.2 Ranged Weapons
 - Level 2.4 Dodging
 - Level 1.2 Stealth


You had 4 spell levels left.
You didn't know any spells.
Your spell library was empty.

Inventory:

Hand Weapons
 Y - a +5 orcbow of flaming (weapon)
Armour
 h - a +0 ring mail (worn)
Jewellery
 f - a ring of fire
Scrolls
 l - a scroll of identify
Potions
 d - a potion of curing {unknown}
 e - a potion of mutation {unknown}
 j - a potion of cancellation {unknown}
 m - a potion of resistance {unknown}

Dungeon Overview and Level Annotations

Branches:
Dungeon (4/15)
 Temple: D:4-7

Altars:
Fedhas
Nemelex Xobeh


Message History

The orc wizard closely misses you. The orc hits you with a +0 hand axe.
You feel less confused. The giant cockroach barely misses you.
The orc wizard hits you but does no damage.
The orc wizard hits you with a +0 dagger.
The orc hits you but does no damage.
The orc hits you from afar with a +0 trident.
You shoot an arrow. The arrow barely misses the orc wizard.
The giant cockroach misses you.
The orc wizard hits you with a +0 dagger.
The orc wizard barely misses you. The orc hits you with a +0 hand axe.
The orc barely misses you.
The orc wizard casts a spell.
The orc wizard flickers and vanishes!
Deactivating autopickup; reactivate with Ctrl-A.
The giant cockroach bites you but does no damage.
You shoot an arrow. The arrow hits the orc wizard!
The arrow burns the orc wizard.
You kill the orc wizard!
The orc closely misses you. The orc wizard closely misses you.
The orc hits you with a +0 hand axe. The giant cockroach closely misses you.
You shoot an arrow. The arrow hits the orc wizard!
The arrow burns the orc wizard.
The orc wizard is almost dead.
The giant cockroach closely misses you. The orc closely misses you.
The orc wizard mumbles some strange words.
The orc wizard flickers and vanishes!
The orc hits you but does no damage.
You shoot an arrow. The arrow hits the orc!
The arrow burns the orc.
You kill the orc!
The giant cockroach barely misses you. The orc hits you but does no damage.
You hear some strange, mumbled words.
A puff of flame appears from out of thin air!
The puff of flame hits you but does no damage.
The giant cockroach bites you but does no damage.
You shoot an arrow. The arrow hits the orc!
The arrow burns the orc.
You kill the orc!
Something hits you. The orc closely misses you.
The giant cockroach closely misses you.
The orc hits you from afar with a +0 trident!
You die...

.$.......#
.........#
.........#
......... # #
..........#.##.
.......o#......
.......o{....o.
.>...o#B##.#
.....o{@.oo#
......)).#.....
...##.#..# ####
.. #..#...
....#..#. ..#.
##.#.= ...#. .#
.. .. .# ...


You could see 6 orcs and a giant cockroach.

Vanquished Creatures
  An orc priest (D:4)
  An orc wizard (D:4)
  2 scorpion zombies (D:3)
  2 hound zombies (D:3)
  A hound skeleton (D:3)
  2 adders
  An adder skeleton (D:3)
  4 adder zombies (D:3)
  A dart slug (D:3)
  3 orcs
  6 ball pythons
  2 endoplasms (D:1)
  2 giant cockroaches
  4 goblins (D:1)
  5 hobgoblins
  6 jackals
  4 quokkas
  A ball python skeleton (D:3)
  5 bats
  3 frilled lizards
  9 kobolds
  A quokka skeleton (D:3)
  2 quokka zombies (D:3)
  5 rats
73 creatures vanquished.

Notes
Turn   | Place    | Note
-------+----------+-------------------------------------------
     0 | D:1      | qw the Deep Elf Hunter began the quest for the Orb.
     0 | D:1      | Reached XP level 1. HP: 12/12 MP: 3/3
     0 | D:1      | 0 ||| qw: Version: 0.3-a-9-g12657ce
     0 | D:1      | 0 ||| qw: Game counter: 2216
     0 | D:1      | 0 ||| qw: Always use a shield: true
     0 | D:1      | 0 ||| qw: God list: Okawaru
     0 | D:1      | 0 ||| qw: Allow faded altars: false
     0 | D:1      | 0 ||| qw: Do Orc after D:15 true
     0 | D:1      | 0 ||| qw: Do second Lair branch before Depths: true
     0 | D:1      | 0 ||| qw: Lair rune preference: random
     0 | D:1      | 0 ||| qw: Plans: Normal
     0 | D:1      | 0 ||| PLANNING D:1-11
   126 | D:1      | Reached skill level 6 in Ranged Weapons
   126 | D:1      | Reached XP level 2. HP: 15/16 MP: 4/4
   632 | D:1      | Reached XP level 3. HP: 20/20 MP: 5/5
   929 | D:1      | 929 ||| DROPPING amulet of magic regeneration.
   930 | D:1      | 930 ||| READING scroll labelled XONAUPNOADA.
   930 | D:1      | Identified a scroll of acquirement
   930 | D:1      | 930 ||| ACQUIRING +4 orcbow of flaming
   930 | D:1      | Acquired a +4 orcbow of flaming
   932 | D:1      | 932 ||| SWAPPING to +4 orcbow of flaming.
   933 | D:1      | 933 ||| DROPPING +0 shortbow.
   934 | D:1      | 934 ||| READING scroll labelled QAOHAC DADO.
   972 | D:1      | 972 ||| DRINKING 2 fuming yellow potions.
  1026 | D:1      | 1026 ||| DROPPING scroll of butterflies.
  1027 | D:1      | 1027 ||| DROPPING potion of lignification.
  1080 | D:2      | 1080 ||| STAIRDANCE
  1088 | D:1      | HP: 5/20 [poisoned by an adder]
  1183 | D:2      | Reached skill level 7 in Ranged Weapons
  1266 | D:2      | Found a faded altar of an unknown god.
  1585 | D:2      | Reached XP level 4. HP: 25/25 MP: 6/6
  1758 | D:2      | 1758 ||| UPGRADING to +0 scale mail.
  1768 | D:2      | 1768 ||| DROPPING +0 leather armour.
  1919 | D:3      | Reached skill level 8 in Ranged Weapons
  1969 | D:3      | Reached XP level 5. HP: 29/29 MP: 7/7
  2159 | D:3      | Reached skill level 9 in Ranged Weapons
  2291 | D:3      | Found a sparkling altar of Nemelex Xobeh.
  2291 | D:3      | Found a blossoming altar of Fedhas.
  2300 | D:3      | 2300 ||| UPGRADING to +0 ring mail.
  2310 | D:3      | 2310 ||| DROPPING +0 scale mail.
  2311 | D:3      | 2311 ||| DROPPING ring of wizardry.
  2312 | D:3      | 2312 ||| READING scroll labelled JACSAAW HE WOTZ.
  2313 | D:3      | 2313 ||| READING scroll labelled ACZUSTUOLL.
  2314 | D:3      | 2314 ||| READING scroll labelled KANKUE NIX REPN.
  2315 | D:3      | 2315 ||| READING 3 scrolls labelled RADGHE QOURAFI.
  2316 | D:3      | 2316 ||| READING scroll labelled DINEIBUYSI.
  2320 | D:3      | 2320 ||| READING 2 scrolls of identify.
  2320 | D:3      | 2320 ||| IDENTIFYING glowing grey potion
  2321 | D:3      | 2321 ||| DROPPING potion of magic.
  2330 | D:4      | 2330 ||| Stepping ~*~*~tactically~*~*~ (outnumbered).
  2339 | D:4      | HP: 7/30 [orc/+0 hand axe (5)]
  2342 | D:4      | Slain by an orc

Levels and vault maps discovered:
D:1:      dpeg_arrival_court, layout_basic, chequers_serial_rivers_large_a
D:2:      layout_basic, shapermc_ecumenical_altar_totnotflames,
          patterned_corridor
D:3:      layout_rooms, gammafunk_temple_overflow_wave, serial_undead,
          serial_undead_e, serial_undead_a, serial_undead_a, serial_undead_a,
          serial_undead_f, serial_undead_d, serial_undead_f
D:4:      layout_basic, grunt_qazlal_clouds, serial_shops, nicolae_shop_crystal,
          uniq_grinder, uniq_blork_the_orc, uniq_edmund

Skill      XL: |  1  2  3  4  5 |
---------------+----------------+-----
Ranged Weapons | 6 7 8 9 |  9.2
Fighting       | 2 |  2.1
Dodging        | |  2.4
Stealth        | |  1.2

Action                     |  1- 3 |  4- 6 || total
---------------------------+-------+-------++-------
   Fire: Shortbow          |    64 |       ||    64
         Orcbow            |    29 |    73 ||   102
    Use: Scroll            |     2 |     6 ||     8
         Potion            |     1 |       ||     1
 Armour: Leather armour    |     5 |       ||     5
         Scale mail        |       |    14 ||    14
         Ring mail         |       |    13 ||    13
  Dodge: Dodged            |    18 |    34 ||    52

Table legend:
 A = Non-vault XP
 B = Vault XP
 C = Vault XP percentage of total XP
 D = Non-vault monster count
 E = Vault monster count
 F = Vault count percentage of total count
                 A         B        C        D         E       F
            +---------+---------+-------+---------+---------+-------
      Total |     199 |     162 |  44.9 |      59 |      14 |  19.2
            +---------+---------+-------+---------+---------+-------
        D:1 |      60 |       0 |   0.0 |      29 |       0 |   0.0
        D:2 |      37 |       0 |   0.0 |      15 |       0 |   0.0
        D:3 |      19 |     162 |  89.5 |      10 |      14 |  58.3
        D:4 |      83 |       0 |   0.0 |       5 |       0 |   0.0
            +---------+---------+-------+---------+---------+-------
